 Dungeon Crawl Stone Soup version 0.20.0-10-g0535bb4 (webtiles) character file.

0 Lochraine the Chiller (level 1, 0/10 HPs)
             Began as a Deep Elf Ice Elementalist on June 5, 2017.
             Slain by a bat zombie (1 damage)
             ... on level 1 of the Dungeon.
             The game lasted 00:01:02 (58 turns).

Lochraine the Chiller (Deep Elf Ice Elementalist)     Turns: 58, Time: 00:01:03

Health: 0/10       AC:  2    Str:  5    XL:     1   Next: 8%
Magic:  0/6        EV: 13    Int: 19    God:
Gold:   0          SH:  0    Dex: 15    Spells: 5/6 levels left

rFire    . . .     SeeInvis .   (no weapon)
rCold    . . .     Gourm    .   (no shield)
rNeg     . . .     Faith    .   a - +0 robe
rPois    .         Spirit   .   (no helmet)
rElec    .         Reflect  .   (no cloak)
rCorr    .         Harm     .   (no gloves)
MR       .....                  (no boots)
Stlth    ++........             (no amulet)
Regen    0.1/turn               (no ring)
MPRegen  0.1/turn               (no ring)

@: very slightly contaminated
A: no striking features
a: no special abilities


You were on level 1 of the Dungeon.
You were not hungry.

You visited 1 branch of the dungeon, and saw 1 of its levels.

Inventory:

Armour
 a - a +0 robe (worn)
Books
 b - a book of Frost
Comestibles
 q - a bread ration


   Skills:
 - Level 2.4 Dodging
 - Level 2.4 Stealth
 + Level 3.0 Spellcasting
   Level 1.1 Conjurations
 + Level 3.3 Ice Magic


You had 5 spell levels left.
You knew the following spells:

 Your Spells              Type           Power        Failure   Level  Hunger
a - Freeze                Ice            ###.         3%          1    None


Dungeon Overview and Level Annotations

Branches:
Dungeon (1/15)

Altars:


Message History

The bat zombie hits you but does no damage.
The bat zombie barely misses you.
You hit the bat zombie. The bat zombie completely misses you.
The bat zombie hits you but does no damage.
The bat zombie misses you.
You barely miss the bat zombie.
The bat zombie hits you but does no damage. x2
The bat zombie misses you.
You barely miss the bat zombie. The bat zombie closely misses you.
The bat zombie hits you.
* * * LOW HITPOINT WARNING * * *
The bat zombie hits you but does no damage.
The bat zombie hits you but does no damage.
The bat zombie hits you.
* * * LOW HITPOINT WARNING * * *
The bat zombie hits you but does no damage.
The bat zombie misses you. The bat zombie barely misses you.
There is an open door here.
Aim: a bat zombie (lightly damaged)
You freeze the bat zombie.
The bat zombie completely resists.
The bat zombie closely misses you.
The bat zombie hits you but does no damage. x2
Unknown command.
You hit the bat zombie. The bat zombie closely misses you.
The bat zombie hits you but does no damage.
The bat zombie misses you.
You hit the bat zombie but do no damage.
The bat zombie misses you.
The bat zombie hits you but does no damage.
You hit the bat zombie.
The bat zombie hits you but does no damage.
The bat zombie hits you.
* * * LOW HITPOINT WARNING * * *
The bat zombie hits you but does no damage.
You closely miss the bat zombie. The bat zombie barely misses you.
The bat zombie misses you. x2
You completely miss the bat zombie. The bat zombie misses you. x2
The bat zombie hits you.
* * * LOW HITPOINT WARNING * * *
The bat zombie hits you.
* * * LOW HITPOINT WARNING * * *
The bat zombie closely misses you.
You barely miss the bat zombie. The bat zombie completely misses you.
The bat zombie barely misses you. The bat zombie misses you.
The bat zombie closely misses you.
Aim: a bat zombie (heavily damaged)
You freeze the bat zombie.
The bat zombie resists.
The bat zombie misses you.
The bat zombie hits you but does no damage. x2
The bat zombie closely misses you. The bat zombie hits you.
You die...

## ## #######
≈♣≈#
#....8####8####
#.....'.......+
#8..Z8##8#'#8##
###@######'# #
#≈#.# ... ♣8.#♣
.... #≈#.8#
...... ###.##
.≈♣≈... +..+
..♣ ♣...+
###.## #≈#.8#
♣8.#♣


You could see a bat zombie.

Vanquished Creatures
  A quokka zombie (D:1)
1 creature vanquished.

Notes
Turn   | Place    | Note
-------+----------+-------------------------------------------
     0 | D:1      | Lochraine the Deep Elf Ice Elementalist began the quest for the Orb.
     0 | D:1      | Reached XP level 1. HP: 10/10 MP: 6/6
    58 | D:1      | Slain by a bat zombie

Action                   || total
-------------------------++-------
Melee: Unarmed           ||    17
 Cast: Freeze            ||     8
Armor: Robe              ||    17
Dodge: Dodged            ||    32
